 Dungeon Crawl Stone Soup version 0.18.1-5-g4a78601 (webtiles) character file.

1354 Geppetto the Basher (level 8, -1/70 HPs)
             Began as a Minotaur Berserker on May 12, 2016.
             Was an Elder of Trog.
             Killed from afar by an electric eel (4 damage)
             ... with a bolt of electricity
             ... on level 6 of the Dungeon.
             The game lasted 00:26:02 (5331 turns).

Geppetto the Basher (Minotaur Berserker)            Turns: 5331, Time: 00:26:05

Health: -1/70      AC: 10    Str: 24    XL:     8   Next: 37%
Magic:  7/7        EV:  9    Int:  4    God:    Trog [****..]
Gold:   256        SH:  0    Dex: 10    Spells: 0 memorised, 7 levels left

rFire  + . .     SeeInvis .     a - +1 mace
rCold  x . .     Gourm    .     l - +2 ring mail
rNeg   . . .     Faith    .     h - +0 shield
rPois  .         Spirit   .     (helmet restricted)
rElec  .         Dismiss  .     (no cloak)
rCorr  .         Reflect  .     z - +2 pair of gloves
SustAt .         Harm     .     (no boots)
MR     .....                    (no amulet)
Stlth  +.........               u - ring of stealth
                                g - ring of fire

@: confused, not resistant to hostile enchantments, very unstealthy
A: retaliatory headbutt, horns 2
a: Berserk, Trog's Hand, Brothers in Arms, Burn Spellbooks, Renounce Religion


You were on level 6 of the Dungeon.
You worshipped Trog.
Trog was greatly pleased with you.
You were not hungry.

You visited 1 branch of the dungeon, and saw 6 of its levels.

You collected 256 gold pieces.

Inventory:

Hand Weapons
 a - a +1 mace (weapon)
 w - a +0 whip of venom
Missiles
 d - 4 needles of confusion
 k - 28 stones
 q - 21 poisoned needles
 x - a throwing net
 D - a tomahawk (quivered)
Armour
 h - a +0 shield (worn)
 l - a +2 ring mail (worn)
 z - a +2 pair of gloves (worn)
Jewellery
 b - an uncursed ring of resist corrosion
 g - a ring of fire (left hand)
 u - a ring of stealth (right hand)
Scrolls
 y - a scroll of fog
 B - 2 scrolls of fear
Potions
 e - 2 potions of might
 i - a potion of brilliance
 j - a potion of ambrosia
 r - a potion of curing
 s - a potion of lignification
 t - a potion of heal wounds
 v - a potion of haste
 A - a potion of flight {unknown}
Comestibles
 c - 7 bread rations
 f - 6 meat rations
 m - 9 fruits
 n - 2 slices of pizza
 o - a beef jerky


   Skills:
 * Level 6.0 Fighting
 - Level 8.0 Maces & Flails
 + Level 5.7 Throwing
 - Level 2.4 Armour
 - Level 2.1 Dodging
 + Level 5.0 Shields


You had 7 spell levels left.
You didn't know any spells.

Dungeon Overview and Level Annotations

Branches:
Dungeon (6/15)
 Temple: D:4-7

Altars:
Ashenzari
Elyvilon
Gozag
Kikubaaqudgha
Makhleb
Zin


Innate Abilities, Weirdness & Mutations

You reflexively headbutt those who attack you in melee.
You have a pair of horns on your head.


Message History

The bolt of electricity hits you!
The electric eel shoots out a bolt of lightning at you!
The bolt of electricity hits you! x2
Your shield prevents you from hitting the electric eel.
Your headbutt misses the electric eel.
The electric eel is severely wounded.
The electric eel shoots out a bolt of lightning at you!
The bolt of electricity hits you!
The electric eel shoots out a bolt of lightning at you!
The bolt of electricity hits you! x2
* * * LOW HITPOINT WARNING * * *
Drink which item? (? for menu, Esc to quit)
You are confused.
You feel invigorated.
The electric eel shoots out a bolt of lightning at you!
The bolt of electricity hits you!
* * * LOW HITPOINT WARNING * * *
The electric eel shoots out a bolt of lightning at you!
The bolt of electricity hits you!
You die...

.....≈≈.≈†.#............##.....
..#.≈≈≈#≈≈#......###...........
.#≈≈≈≈≈;≈≈≈≈≈#...####........##
#≈≈##≈..≈≈≈≈≈≈#...####......##
.≈#≈≈≈...≈≈;≈≈.#..(###......#
≈≈≈≈≈;8.≈≈≈#≈≈≈##...##......#
≈≈≈≈≈≈≈!≈≈≈≈≈≈≈≈............##
≈≈≈≈≈≈..[≈≈#≈≈≈≈.##..........#
≈≈≈≈≈≈.<.≈≈≈≈;@..##..........#
≈≈≈≈≈;.??≈≈≈≈≈≈≈####..........
≈≈≈≈≈≈≈?≈≈≈#≈≈≈≈# ##......##..
≈≈;≈≈≈≈.≈≈≈≈≈≈#.# #.......# #.
w≈#≈≈.≈.8≈≈≈≈≈.)..........#
##≈≈≈≈...≈≈≈≈≈#............#
#≈#≈≈≈≈#≈#≈≈##...............
##w≈≈≈≈#≈≈.###...............
#...............


You could see 3 electric eels.

Vanquished Creatures
  Sigmund (D:2)
  The ghost of CrazyArbalest the Bolt Thrower, an amateur MiHu (D:4)
  A sky beast (D:6)
  A centaur (D:5)
  A giant frog (D:6)
  A scorpion (D:4)
  2 crimson imps
  A centaur zombie (D:5)
  A jelly (D:6)
  A giant frog skeleton (D:4)
  2 hounds
  2 orc priests
  3 iguanas
  2 orc wizards
  3 worker ants
  3 hound skeletons
  7 gnolls
  7 adders
  A shadow imp (D:5)
  An ooze (D:3)
  An adder skeleton (D:4)
  A worm (D:3)
  8 dart slugs
  4 giant geckos
  9 orcs
  8 bats
  6 giant cockroaches
  4 goblins
  8 hobgoblins
  8 jackals
  7 kobolds
  2 ball pythons
  2 giant gecko skeletons (D:4)
  3 giant newts
  7 rats
120 creatures vanquished.

Notes
Turn   | Place    | Note
--------------------------------------------------------------
     0 | D:1      | Geppetto the Minotaur Berserker began the quest for the Orb.
     0 | D:1      | Reached XP level 1. HP: 19/19 MP: 0/0
    32 | D:1      | Reached skill level 4 in Maces & Flails
   280 | D:1      | Reached XP level 2. HP: 13/26 MP: 1/1
   895 | D:2      | Reached skill level 1 in Throwing
   895 | D:2      | Reached XP level 3. HP: 31/31 MP: 2/2
  1000 | D:2      | Reached ** piety under Trog
  1253 | D:2      | Noticed Sigmund
  1282 | D:2      | Killed Sigmund
  1282 | D:2      | Reached skill level 5 in Maces & Flails
  1282 | D:2      | Reached XP level 4. HP: 17/39 MP: 3/3
  1282 | D:2      | Reached XP level 5. HP: 20/45 MP: 4/4
  1839 | D:3      | Found a burning altar of Makhleb.
  1839 | D:3      | Found a glowing silver altar of Zin.
  1840 | D:3      | Noticed an angel
  1840 | D:3      | Noticed an Executioner
  2088 | D:3      | Reached skill level 6 in Maces & Flails
  2192 | D:3      | Reached XP level 6. HP: 51/51 MP: 5/5
  2466 | D:3      | Reached *** piety under Trog
  2558 | D:3      | Reached skill level 1 in Shields
  2895 | D:4      | Found a white marble altar of Elyvilon.
  3129 | D:4      | Noticed CrazyArbalest's ghost (amateur MiHu)
  3258 | D:4      | Killed CrazyArbalest's ghost
  3258 | D:4      | Reached skill level 7 in Maces & Flails
  3258 | D:4      | Reached XP level 7. HP: 27/57 MP: 6/6
  3677 | D:4      | Found an ancient bone altar of Kikubaaqudgha.
  3678 | D:4      | Found an opulent altar of Gozag.
  4016 | D:5      | Entered Level 5 of the Dungeon
  4025 | D:5      | Found a shattered altar of Ashenzari.
  4170 | D:5      | Reached skill level 8 in Maces & Flails
  4170 | D:5      | Reached skill level 5 in Throwing
  4434 | D:5      | Received a gift from Trog
  4438 | D:5      | Reached XP level 8. HP: 65/67 MP: 7/7
  4833 | D:6      | Reached skill level 5 in Fighting
  5059 | D:6      | Reached **** piety under Trog
  5059 | D:6      | Reached skill level 5 in Shields
  5331 | D:6      | HP: 3/70 [electric eel/bolt of electricity (13)]
  5331 | D:6      | Killed from afar by an electric eel

Skill      XL: |  1  2  3  4  5  6  7  8 |
---------------+-------------------------+-----
Maces & Flails | 4 5 6 7 8 |  8.0
Throwing       | 1 3 4 5 |  5.7
Shields        | 3 4 5 |  5.0
Fighting       | 4 6 |  6.0
Armour         | |  2.4
Dodging        | |  2.1

Action                   |  1- 3 |  4- 6 |  7- 9 || total
-------------------------+-------+-------+-------++-------
Melee: Mace              |    71 |   123 |    97 ||   291
       Headbutt          |     9 |    24 |    22 ||    55
       Scythe            |       |     3 |       ||     3
       Whip              |       |       |     9 ||     9
Throw: Stone             |    15 |    51 |    12 ||    78
       Tomahawk          |       |       |    75 ||    75
Invok: Berserk           |     2 |       |       ||     2
       Trog's Hand       |     1 |     1 |       ||     2
  Use: Scroll            |       |    11 |     7 ||    18
       Potion            |       |       |     1 ||     1
  Eat: Chunk             |     2 |     7 |     3 ||    12
       Bread ration      |       |       |     1 ||     1
Armor: Animal skin       |     8 |       |       ||     8
       Ring mail         |    10 |    41 |    27 ||    78
Dodge: Dodged            |    54 |    45 |    24 ||   123
Block: Shield            |       |    28 |    38 ||    66
